 Dungeon Crawl Stone Soup version 0.30-a0-722-g3e6e8c874d (webtiles) character file.

Game seed: 17704715231261864659

15839 browni3141 the Grappler (level 12, -6/115 HPs)
             Began as a Troll Berserker on Jan 27, 2023.
             Was an Elder of Trog.
             Mangled by a hornet (11 damage)
             ... while paralysed by a hornet
             ... on level 1 of the Lair of Beasts.
             The game lasted 00:14:40 (11434 turns).

browni3141 the Grappler (Troll Berserker)          Turns: 11434, Time: 00:14:40

Health: -6/115     AC:  6    Str: 31 (32) XL:     12   Next: 4%
Magic:  11/11      EV:  1    Int:  1 (3)  God:    Trog [****..]
Gold:   1185       SH:  0    Dex:  8 (9)  Spells: 11/11 levels left

rFire   . . .      SeeInvis .      - Unarmed
rCold   + . .      Faith    .    C - +0 kite shield
rNeg    . . .      Spirit   .    K - +0 troll leather armour
rPois   .          Reflect  .    (helmet restricted)
rElec   .          Harm     .    (no cloak)
rCorr   .          Rampage  .    (gloves unavailable)
Will    +....                    (boots unavailable)
Stlth   +                        (no amulet)
HPRegen 1.99/turn                l - ring of protection from cold
MPRegen 0.12/turn                J - ring of willpower

@: paralysed, lethally poisoned (-6 -> -6), on berserk cooldown, slowed
A: large, unfitting armour, claws 3, regeneration 1, shaggy fur 1, tough skin 1
a: Renounce Religion, Berserk, Trog's Hand, Brothers in Arms


You were on level 1 of the Lair of Beasts.
You worshipped Trog.
Trog was greatly pleased with you.
You visited 3 branches of the dungeon, and saw 15 of its levels.

You collected 1185 gold pieces.

Inventory:

Missiles
 t - 9 boomerangs (quivered)
 P - 3 javelins
 Q - 4 large rocks
Armour
 a - a +0 animal skin
 C - a +0 kite shield (worn)
 K - a +0 troll leather armour (worn)
Jewellery
 b - a ring of magical power
 i - a ring of fire
 l - a ring of protection from cold (left claw)
 J - a ring of willpower (right claw)
Wands
 u - a wand of roots (9)
 H - a wand of flame (6)
Scrolls
 c - 9 scrolls of identify {unknown}
 d - a scroll of vulnerability {unknown}
 g - 3 scrolls of summoning {unknown}
 h - 4 scrolls of teleportation {unknown}
 k - 3 scrolls of enchant armour {unknown}
 q - a scroll of fog {unknown}
 s - a scroll of noise {unknown}
 w - 3 scrolls of blinking {unknown}
 x - a scroll of brand weapon {unknown}
 y - a scroll of fear {unknown}
 z - 3 scrolls of immolation {unknown}
 D - a scroll of magic mapping {unknown}
 E - a scroll of acquirement {unknown}
 F - 4 scrolls of enchant weapon {unknown}
 N - a scroll of silence {unknown}
 R - 2 scrolls of amnesia {unknown}
Potions
 e - 2 potions of heal wounds
 f - 2 potions of magic
 j - 2 potions of ambrosia
 m - a potion of invisibility
 n - a potion of attraction {unknown}
 o - 3 potions of degeneration
 p - a potion of brilliance {unknown}
 r - 2 potions of lignification
 v - a potion of cancellation {unknown}
 A - 4 potions of curing
 B - 3 potions of flight {unknown}
 G - 2 potions of haste
 I - a potion of might {unknown}
 O - a potion of berserk rage
Miscellaneous
 L - a phial of floods (inert)
 M - a box of beasts


   Skills:
 + Level 6.8 Fighting
 * Level 3.6 Throwing
 + Level 2.1 Armour
 + Level 6.8 Dodging
 - Level 2.0 Stealth
 + Level 10.3 Shields
 * Level 11.2 Unarmed Combat


You had 11 spell levels left.
You didn't know any spells.
Your spell library was empty.

Dungeon Overview and Level Annotations

Branches:
Dungeon (12/15) Temple (0/1) D:6 Lair (1/5) D:11 Orc (2/2) D:11 Elf (0/3) Orc:1 Orc:2

Altars:
Ashenzari
Cheibriados
Elyvilon
Makhleb
Okawaru
Sif Muna
Uskayaw
Wu Jian
Xom
Zin
The Shining One

Shops:
D:1 :   D:4 *   D:12 *

Annotations:
Orc:2 Saint Roka


Innate Abilities, Weirdness & Mutations

You are too large for most types of armour.
You have claws for hands.
Your natural rate of healing is unusually fast.
You are covered in fur. (AC +1)
You have tough skin. (AC +1)


Message History

You feel very sick. The hornet stings you!
You feel as though you will be slow longer.
The hornet stings you.
You feel as though you will be slow longer.
You block the hornet's attack.
You mangle the hornet!!
You kill the hornet!
Trog accepts your kill.
You feel very sick. The hornet stings you.
* * * LOW HITPOINT WARNING * * *
You feel as though you will be slow longer.
You barely miss the hornet.
You feel very sick. You block the hornet's attack.
You mangle the hornet!!
The hornet is severely wounded.
You are no longer berserk.
You are exhausted.
You feel as though you will be slow longer.
You feel very sick. You block the hornet's attack. x2
Unknown command.
Aim the phial where?
Press: ? - help, Shift-Dir - straight line, f - hornet
Aim: a hornet (severely wounded)
The torrent of water misses the hornet.
The wave splashes down.
Splash!
You fall into the shallow water.
The hornet is engulfed in water. x2
You feel very sick. You block the hornet's attack. The hornet stings you!
* * * LOW HITPOINT WARNING * * *
You suddenly lose the ability to move!
You feel very sick. The hornet stings you!
* * * LOW HITPOINT WARNING * * *
You feel as though you will be slow longer.
The hornet stings you!
You die...

#.............
#.............
#.###.##.##..
#.#.......#
#.#.......#
##.#.....####
#......###..#
##.+.###y~#
#.#.#@y#
#...~##~~#
#...#..##..#
#P#####..##..
## #..## ##


You could see 2 hornets.

Vanquished Creatures
  Pikel (D:5)
  The ghost of Zvl3 the Zephyrmancer, a novice TeAE of Ashenzari (D:6)
  An ugly thing (D:11)
  A necromancer (D:9)
  A cyclops (D:11)
  2 manticores
  Joseph (D:7)
  A gargoyle (D:12)
  A kobold demonologist (D:12)
  A komodo dragon (Lair:1)
  6 trolls
  3 hornets
  5 slime creatures (D:12)
  Sigmund (D:6)
  A wraith (D:6)
  A shadow (D:12)
  A wyvern (D:10)
  22 yaks
  4 vampire mosquitoes
  A steam dragon (D:9)
  A warg (Orc:1)
  3 acid dragons
  2 water moccasins (D:7)
  A black bear (D:6)
  3 orc warriors
  3 ice beasts (D:6)
  2 ogres (D:4)
  The ghost of jlumianski the Trooper, an amateur DsFi (D:4)
  A wolf (D:11)
  3 centaurs
  A gnoll sergeant (D:8)
  Blork the orc (D:5)
  10 bullfrogs
  2 scorpions
  6 killer bees (D:10)
  4 howler monkeys
  4 electric eels (D:11)
  A bullfrog zombie (D:4)
  9 hounds
  3 jellies
  A bullfrog skeleton (D:4)
  A gnoll bouda (D:8)
  6 orc priests
  3 iguanas
  11 orc wizards
  4 polar bear simulacra (D:9)
  2 yak simulacra (D:9)
  5 wolf simulacra (D:9)
  Robin (D:3)
  8 adders
  11 gnolls
  A shadow imp (D:5)
  A white imp (D:7)
  An ufetubus (D:6)
  4 worms
  3 dart slugs
  47 orcs
  6 ball pythons
  3 bats
  5 endoplasms
  4 giant cockroaches
  16 goblins
  16 hobgoblins
  2 jackals (D:1)
  2 frilled lizards
  7 kobolds
  4 rats (D:1)
292 creatures vanquished.

Notes
Turn   | Place    | Note
-------+----------+-------------------------------------------
     0 | D:1      | browni3141 the Troll Berserker began the quest for the Orb.
     0 | D:1      | Reached XP level 1. HP: 22/22 MP: 0/0
    39 | D:1      | Found Luatwueh's Book Boutique.
   102 | D:1      | Reached skill level 1 in Stealth
   102 | D:1      | Reached XP level 2. HP: 29/29 MP: 1/1
   250 | D:1      | Reached XP level 3. HP: 36/36 MP: 2/2
   754 | D:2      | Reached ** piety under Trog
   948 | D:2      | Reached XP level 4. HP: 41/44 MP: 3/3
  1419 | D:3      | Noticed Robin
  1437 | D:3      | Killed Robin
  2008 | D:3      | Found a glowing golden altar of the Shining One.
  2008 | D:3      | Found a glowing silver altar of Zin.
  2008 | D:3      | Found a white marble altar of Elyvilon.
  2044 | D:4      | Found Muxzei's General Store.
  2050 | D:4      | Reached XP level 5. HP: 52/52 MP: 4/4
  2084 | D:4      | Noticed an ogre
  2109 | D:4      | Killed an ogre
  2110 | D:4      | Reached skill level 4 in Unarmed Combat
  2278 | D:4      | Found a shimmering altar of Xom.
  2280 | D:4      | Found a runed translucent gate.
  2280 | D:4      | Found a runed translucent gate.
  2280 | D:4      | Found a runed translucent gate.
  2280 | D:4      | Noticed jlumianski's ghost (amateur DsFi)
  2330 | D:4      | Reached XP level 6. HP: 44/61 MP: 5/5
  2449 | D:4      | Reached skill level 5 in Unarmed Combat
  2934 | D:4      | Killed jlumianski's ghost
  2935 | D:4      | Reached XP level 7. HP: 67/67 MP: 6/6
  3074 | D:5      | Entered Level 5 of the Dungeon
  3213 | D:5      | Noticed Blork the orc
  3219 | D:5      | Killed Blork the orc
  3242 | D:5      | Reached skill level 6 in Unarmed Combat
  3259 | D:5      | Noticed Pikel
  3272 | D:5      | Killed Pikel
  3273 | D:5      | Reached skill level 7 in Unarmed Combat
  3273 | D:5      | Reached XP level 8. HP: 48/79 MP: 7/7
  3353 | D:5      | Reached *** piety under Trog
  3731 | D:6      | Found a staircase to the Ecumenical Temple.
  3810 | D:6      | Noticed Sigmund
  3816 | D:6      | Killed Sigmund
  3823 | D:6      | Reached skill level 5 in Fighting
  3823 | D:6      | Reached skill level 5 in Dodging
  3823 | D:6      | Reached skill level 8 in Unarmed Combat
  3992 | D:6      | Found a hide-covered altar of Uskayaw.
  4028 | D:6      | Reached XP level 9. HP: 48/88 MP: 8/8
  4208 | D:6      | Found a runed translucent door.
  4500 | D:6      | Noticed Zvl3's ghost (novice TeAE)
  4529 | D:6      | Killed Zvl3's ghost
  4530 | D:6      | Reached skill level 9 in Unarmed Combat
  4579 | D:7      | Noticed Joseph
  4591 | D:7      | Killed Joseph
  4693 | D:7      | Reached skill level 10 in Unarmed Combat
  5027 | D:7      | Found a broken altar of Ashenzari.
  5212 | D:7      | Found a snail-covered altar of Cheibriados.
  5606 | D:8      | Reached XP level 10. HP: 98/98 MP: 9/9
  5906 | D:8      | Found an iron altar of Okawaru.
  6546 | D:9      | Reached skill level 1 in Shields
  6715 | D:9      | Noticed a necromancer
  6724 | D:9      | Killed a necromancer
  6964 | D:9      | Reached skill level 5 in Shields
  7347 | D:10     | Entered Level 10 of the Dungeon
  7436 | D:10     | Found an ornate altar of the Wu Jian Council.
  7462 | D:10     | Reached **** piety under Trog
  7584 | D:10     | Found a shimmering blue altar of Sif Muna.
  7678 | D:10     | Found a runed translucent door.
  7950 | D:10     | Reached XP level 11. HP: 105/105 MP: 10/10
  8001 | D:10     | Found a burning altar of Makhleb.
  8718 | D:11     | Found a staircase to the Orcish Mines.
  8930 | D:11     | Found a staircase to the Lair.
  8954 | D:11     | Reached skill level 10 in Shields
  8962 | D:11     | Noticed a two-headed ogre
  9134 | D:12     | Reached skill level 1 in Throwing
  9252 | D:12     | Reached skill level 1 in Armour
  9491 | D:12     | Found Qesi's Assorted Antiques.
  9953 | Orc:1    | Entered Level 1 of the Orcish Mines
 10099 | Orc:2    | Entered Level 2 of the Orcish Mines
 10099 | Orc:2    | Found a staircase to the Elven Halls.
 10187 | Orc:2    | Noticed Saint Roka
 10317 | D:11     | Reached skill level 11 in Unarmed Combat
 10434 | D:11     | Noticed a green ugly thing
 10447 | D:11     | Killed a green ugly thing
 11222 | Lair:1   | Entered Level 1 of the Lair of Beasts
 11372 | Lair:1   | Reached XP level 12. HP: 115/115 MP: 11/11
 11420 | Lair:1   | Paralysed by a hornet for 2 turns
 11433 | Lair:1   | Paralysed by a hornet for 2 turns
 11434 | Lair:1   | HP: 5/115 [hornet (7)]
 11434 | Lair:1   | Mangled by a hornet

Illustrated notes

Levels and vault maps discovered:
D:1:      ncdulo_wetmaze, layout_rooms, serial_shops, nicolae_shop_trees,
          minmay_crystal_room
D:2:      layout_basic, kennysheep_generic_room_16
D:3:      layout_basic, good_gods_mini_temple, uniq_robin
D:4:      layout_basic, lemuel_doored_altar, gammafunk_ghost_necromancy,
          serial_shops, nicolae_shop_statue_plus, minmay_quadrilaterals
D:5:      layout_basic, uniq_pikel, uniq_blork_the_orc
D:6:      layout_gridville, mainiacjoe_overflow_surrounded_room,
          minmay_temple_entry_waves, ebering_ghost_sewer_d, uniq_sigmund
D:7:      layout_basic, mainiacjoe_overflow_large_starburst, uniq_joseph
D:8:      layout_layer_cave, mainiacjoe_overflow_24_doors
D:9:      layout_loops_ring, eino_house_with_fridge
D:10:     layout_loops_ring, kennysheep_mini_moat, lemuel_crystal_altar,
          mainiacjoe_overflow_small_starburst, hangedman_glass_teeth,
          lightli_church_of_beogh
D:11:     layout_irregular_city, erik_lair_island, orc_0_dummy
D:12:     layout_cave_pods, serial_shops, nicolae_shop_overgrown_old_shop,
          minmay_misc_feat_diagonals, st_stairs_7
Lair:1:   layout_regular_city, dreamdust_wasp_nest
Orc:1:    layout_caves
Orc:2:    st_orc_ogre_mass, layout_diamond_mine, ebering_ghost_rock_garden,
          special_room, uniq_saint_roka

Skill      XL: |  1  2  3  4  5  6  7  8  9 10 11 |
---------------+----------------------------------+-----
Stealth        | 1 2 |  2.0
Fighting       | 3 4 5 6 |  6.8
Dodging        | 3 4 5 6 |  6.8
Unarmed Combat | 4 5 7 8 10 11 | 11.2
Shields        | 8 10 | 10.3
Throwing       | 3 |  3.6
Armour         | 2 |  2.1

Action                     |  1- 3 |  4- 6 |  7- 9 | 10-12 || total
---------------------------+-------+-------+-------+-------++-------
  Melee: Unarmed           |    90 |   113 |   198 |   425 ||   826
         Punch             |       |     1 |     7 |    10 ||    18
  Throw: Boomerang         |       |       |       |     7 ||     7
 Invoke: Berserk           |     2 |     7 |     8 |    15 ||    32
         Trog's Hand       |       |       |     1 |     2 ||     3
  Evoke: Wand              |       |       |     1 |     9 ||    10
         Phial of floods   |       |       |       |     1 ||     1
    Use: Potion            |       |       |       |     8 ||     8
   Stab: Sleeping          |     1 |     3 |     3 |     1 ||     8
 Armour: Animal skin       |    24 |    27 |    33 |    49 ||   133
         Troll leather arm |       |       |       |    44 ||    44
  Dodge: Dodged            |    35 |    46 |    83 |   177 ||   341
  Block: Kite shield       |       |       |       |   119 ||   119

Table legend: (Time is in decaauts)
 A = Elapsed time spent in this place.
 B = Non-inter-level travel time spent in this place.
 C = Inter-level travel time spent in this place.
 D = Time resting spent in this place.
 E = Time spent auto-exploring this place.
 F = Levels seen in this place.
 G = Mean time per level.
                   A        B        C        D        E       F      G
               +--------+--------+--------+--------+--------+-----+--------+
         Total |  11589 |  11182 |    407 |   1211 |   8152 |  15 |  772.6 |
       Dungeon |  11107 |  10711 |    396 |   1207 |   7834 |  12 |  925.6 |
          Lair |    208 |    208 |      0 |      0 |    167 |   1 |  208.0 |
  Orcish Mines |    273 |    262 |     11 |      4 |    151 |   2 |  136.5 |
               +--------+--------+--------+--------+--------+-----+--------+

Top non-repeatable levels by time:
    D:11: 1527 daAuts
     D:8: 1190 daAuts
    D:10: 1116 daAuts
     D:4: 1085 daAuts
    D:12: 981 daAuts
     D:6: 907 daAuts
     D:9: 837 daAuts
     D:3: 829 daAuts
     D:2: 792 daAuts
     D:7: 780 daAuts
     D:5: 621 daAuts
     D:1: 436 daAuts
  Lair:1: 208 daAuts
   Orc:1: 162 daAuts
   Orc:2: 111 daAuts
